 Dungeon Crawl Stone Soup version 0.14.1-24-gbdbe590 (webtiles) character file.

509 Kenran the Cleaver (level 6, -3/51 HPs)
             Began as a Hill Orc Fighter on June 20, 2014.
             Slain by an ogre
             ... wielding a +0,+0 giant club
              (27 damage)
             ... on Level 4 of the Dungeon.
             The game lasted 00:10:48 (3378 turns).

Kenran the Cleaver (Hill Orc Fighter)               Turns: 3378, Time: 00:10:48

HP  -3/51        AC 11     Str 19      XL: 6   Next: 73%
MP   6/6         EV  3     Int  8      God:
Gold 133         SH 18     Dex 12      Spells:  0 memorised,  5 levels left

rFire  . . .     SeeInvis .     a - +1,+0 war axe
rCold  . . .     Clarity  .     p - +0 plate armour
rNeg   . . .     Conserve .     c - +0 shield
rPois  +         rCorr    .     (no helmet)
rElec  .         rRot     .     (no cloak)
SustAb . .       Spirit   .     (no gloves)
rMut   .         Warding  .     (no boots)
Saprov + . .     Stasis   .     (no amulet)
MR     .....                    (no ring)
                                l - ring of poison resistance

@: not resistant to hostile enchantments, extremely unstealthy
A: saprovore 1
a: no special abilities


You were on level 4 of the Dungeon.
You were not hungry.

You visited 1 branch of the dungeon, and saw 4 of its levels.

You collected 133 gold pieces.

Inventory:

Hand weapons
 a - a +1,+0 war axe (weapon)
Armour
 c - a +0 shield (worn)
 p - a +0 plate armour (worn)
Magical devices
 b - a wand of polymorph (0)
Comestibles
 d - 3 meat rations
 f - 2 bread rations
Scrolls
 g - 3 scrolls of identify
 h - a scroll of enchant weapon II
 j - a scroll of remove curse
 t - a scroll of noise {unknown}
 u - a scroll of teleportation
Jewellery
 l - a ring of poison resistance (left hand)
Potions
 e - a potion of might
 i - 2 potions of brilliance
 m - a potion of cure mutation {unknown}
 n - a potion of magic {unknown}
 o - 6 potions of curing
 q - 2 potions of restore abilities {unknown}
 s - a potion of resistance
Books
 k - a book of Flames

   Spells                             Type                      Level
   Flame Tongue                       Conjuration/Fire             1
   Throw Flame                        Conjuration/Fire             2
   Conjure Flame                      Conjuration/Fire             3
   Inner Flame                        Hexes/Fire                   3
   Sticky Flame                       Conjuration/Fire             4
   Fireball                           Conjuration/Fire             5
 r - a book of Wizardry

   Spells                             Type                      Level
   Summon Elemental                   Summoning                    4
   Agony                              Necromancy                   5
   Force Lance                        Conjuration                  5
   Haste                              Charms                       6
   Invisibility                       Hexes                        6
   Spellforged Servitor               Conjuration/Summoning        7


   Skills:
 - Level 3.6 Fighting
 + Level 9.1 Axes
 - Level 3.2 Armour
 - Level 3.2 Shields


You had 5 spell levels left.
You didn't know any spells.

Dungeon Overview and Level Annotations

Branches:
Dungeon (4/15)
 Temple: D:4-7

Altars:


Innate Abilities, Weirdness & Mutations

You can tolerate rotten meat.


Message History

The ogre is lightly wounded.
Your plate armour prevents you from hitting the jackal.
You block the jackal's attack. You block the ogre's attack.
The jackal barely misses you.
You slash the jackal!
You kill the jackal!
Your shield and plate armour prevent you from hitting the ogre.
The ogre is lightly wounded.
The ogre hits you with a giant club.
You hit the ogre.
The ogre is moderately wounded.
The ogre completely misses you.
You hit the ogre.
The ogre is heavily wounded.
You block the ogre's attack.
Your shield and plate armour prevent you from hitting the ogre.
The ogre is heavily wounded.
The ogre hits you with a giant club!
Ouch! That really hurt!
You die...

#.#######..##.# . #....
#.# #♣♣.♣♣.# .# ##.## #.#
♣♣♣.♣♣♣♣ .# # ..#
♣♣PP.PP♣♣# .# #.# #.#
#♣♣PP...PP♣♣#?# #.# ##
#.###♣♣P.....P♣♣#.# #.#
#.
#.........⌠.......###.##
#.
#####♣♣P.....P♣♣#%.....##
###.
#♣♣PP...PP♣♣@O.......
##... ♣♣PP.PP♣♣.#####..##
#


#PPP. ♣♣♣.♣♣♣♣.## #..# #.#.♣.J ♣♣.♣♣....####..# #..P♣..
########.##......(...####PP.♣♣. #........###...####.....P.P.♣♣. #.######## ##.##
##.#PP..P♣♣.. #.# #.# #..PP♣♣♣...# #.# ##.# ##...P.PP... You could see an ogre.

Vanquished Creatures
  A scorpion (D:4)
  A water moccasin skeleton (D:4)
  A hound (D:4)
  An orc priest (D:4)
  A worker ant (D:4)
  4 gnolls (D:3)
  3 adders
  4 worms
  5 giant geckos
  6 orcs
  2 ball pythons (D:1)
  5 giant cockroaches
  8 goblins
  13 hobgoblins
  8 jackals
  A quokka (D:3)
  10 bats
  5 giant newts
  A jackal skeleton (D:4)
  16 kobolds
  A kobold skeleton (D:4)
  9 rats
106 creatures vanquished.

Notes
Turn   | Place    | Note
--------------------------------------------------------------
     0 | D:1      | Kenran, the Hill Orc Fighter, began the quest for the Orb.
     0 | D:1      | Reached XP level 1. HP: 19/19 MP: 1/1
     3 | D:1      | Noticed a giant goldfish
     3 | D:1      | Noticed a shark
    59 | D:1      | Reached XP level 2. HP: 8/26 MP: 2/2
   407 | D:1      | Reached skill level 4 in Axes
   465 | D:1      | Reached XP level 3. HP: 31/31 MP: 3/3
  1008 | D:2      | Reached skill level 5 in Axes
  1307 | D:2      | Reached XP level 4. HP: 27/39 MP: 4/4
  1769 | D:3      | You fall through a shaft!
  1870 | D:3      | Reached skill level 6 in Axes
  2038 | D:3      | Reached XP level 5. HP: 41/45 MP: 5/5
  2222 | D:3      | Reached skill level 7 in Axes
  2771 | D:4      | Reached skill level 8 in Axes
  2771 | D:4      | Reached XP level 6. HP: 51/51 MP: 6/6
  3356 | D:4      | Noticed an ogre
  3367 | D:4      | Reached skill level 9 in Axes
  3378 | D:4      | Slain by an ogre

Action                   |  1- 3 |  4- 6 || total
-------------------------+-------+-------++-------
Melee: War axe           |   151 |   235 ||   386
       Unarmed           |       |     3 ||     3
  Use: Scroll            |     5 |     4 ||     9
